 Dungeon Crawl Stone Soup version 0.29.1-13-g9f3cf754e1 (webtiles) character file.

Game seed: 16382755862663746138

2895 H0rd4k the Martial Artist (level 9, 0/60 (63) HPs)
             Began as an Octopode Artificer on Feb 2, 2023.
             Was an Initiate of Gozag.
             Slain by a wight
             ... wielding a +0 trident
              (5 damage)
             ... on level 7 of the Dungeon.
             The game lasted 00:12:02 (10192 turns).

H0rd4k the Martial Artist (Octopode Artificer)     Turns: 10192, Time: 00:12:04

HP:   0/60 (63)     AC:  2    Str: 18    XL:     9   Next: 77%
MP:   16/16         EV: 13    Int: 17    God:    Gozag
Gold: 593           SH:  0    Dex: 12    Spells: 14/18 levels left

rFire   + . .      SeeInvis .     - Unarmed
rCold   x . .      Faith    .   (no shield)
rNeg    . . .      Spirit   .   b - +1 hat
rPois   .          Reflect  .   (no amulet)
rElec   .          Harm     .   o - ring of fire
rCorr   .          Rampage  .   r - +6 ring of strength
Will    .....                   x - ring of flight
Stlth   +++.......              (no ring)
HPRegen 0.20/turn               (no ring)
MPRegen 0.15/turn               (no ring)
                                (no ring)
                                (no ring)

@: gold aura, flying, lightly drained
A: almost no armour, amphibious, 8 rings, camouflage 1, gelatinous body 1,
(nimble swimmer 1), tentacles
a: Renounce Religion, Potion Petition, Call Merchant, Bribe Branch


You were on level 7 of the Dungeon.
You worshipped Gozag.
Gozag was pleased with you.
You visited 2 branches of the dungeon, and saw 9 of its levels.
You also visited: Bailey.

You collected 787 gold pieces.
You paid 194 gold pieces to Gozag.

Inventory:

Missiles
 g - 3 throwing nets
Armour
 b - a +1 hat (worn)
Magical Staves
 k - a staff of conjuration
 n - a staff of cold
Jewellery
 o - a ring of fire (left tentacle)
 r - a +6 ring of strength (right tentacle)
 x - a ring of flight (on tentacle)
Wands
 l - a wand of digging (6)
 y - a wand of polymorph (7)
Scrolls
 a - 7 scrolls of identify {unknown}
 c - a scroll of enchant armour {unknown}
 e - 6 scrolls of immolation {unknown}
 i - 2 scrolls of noise
 p - 2 scrolls of poison {unknown}
 q - 2 scrolls of enchant weapon {unknown}
 u - 2 scrolls of fog {unknown}
 v - 2 scrolls of teleportation {unknown}
Potions
 f - a potion of haste {unknown}
 h - a potion of degeneration
 j - a potion of cancellation {unknown}
 m - a potion of magic
 s - 2 potions of resistance
 w - a potion of might {unknown}


   Skills:
 + Level 6.5 Fighting
 - Level 2.3 Dodging
 - Level 1.3 Stealth
 - Level 9.6 Unarmed Combat
 * Level 5.3 Spellcasting
 * Level 0.5 Summonings
 * Level 0.5 Translocations
 - Level 3.2 Evocations


You had 14 spell levels left.
You knew the following spells:

 Your Spells              Type           Power      Damage    Failure   Level
a - Blink                 Tloc           12%        N/A       17%         2
b - Call Imp              Summ           6%         N/A       17%         2

Your spell library contained the following spells:

 Spells                   Type           Power      Damage    Failure   Level
 Magic Dart               Conj           16%        1d3       14%         1
 Slow                     Hex            16%        N/A       14%         1
 Lesser Beckoning         Tloc           6%         N/A       32%         3
 Confusing Touch          Hex            4%         N/A       38%         3
 Mephitic Cloud           Conj/Pois/Air  4%         N/A       38%         3
 Stone Arrow              Conj/Erth      8%         3d7       38%         3
 Vampiric Draining        Necr           4%         2d6       38%         3
 Manifold Assault         Tloc           6%         N/A       97%         5
 Summon Forest            Summ/Tloc      3%         N/A       97%         5
 Eringya's Noxious Bog    Tmut/Pois      2%         N/A       100%        6
 Summon Hydra             Summ           3%         N/A       100%        7
 Lehudib's Crystal Spear  Conj/Erth      2%         10d2      100%        8
 Animate Armour           Summ/Erth      Unusable   N/A       N/A         4

Dungeon Overview and Level Annotations

Branches:
Dungeon (8/15)             Temple (1/1) D:6            Lair (0/5) D:8
 Bailey (visited)

Altars:
Cheibriados
Dithmenos
Fedhas
Gozag
Hepliaklqana
Kikubaaqudgha
Makhleb
Nemelex Xobeh
Okawaru
Qazlal
Ru
Trog
Uskayaw
Vehumet
Wu Jian
Xom
Yredelemnul
Zin
The Shining One

Annotations:
D:1 exclusion: downstairs
D:2 1 runed translucent door, exclusion: door, Crazy Yiuf
D:3 3 runed translucent doors, exclusion: 3 doors, FaviusArthum's ghost, amateur DECj; MinkTDR's ghost, weakling DECj; nikirochi's ghost, weakling OpBr
D:4 exclusion: downstairs
D:5 Edmund
D:6 1 runed translucent door, exclusion: ice beast, Maggie
D:8 exclusion: upstairs


Innate Abilities, Weirdness & Mutations

You cannot wear most types of armour.
You are amphibious.
You can wear up to eight rings at the same time.
Your skin changes colour to match your surroundings (Stealth+).
Your rubbery body absorbs attacks. (AC +1, EV +1)
((You are camouflaged when in or above water. (Stealth+)))
You have tentacles for arms and can constrict up to eight enemies at once.


Message History

You are too injured to fight recklessly!
You are too injured to fight recklessly!
You tentacle-slap the wight. You grab the wight. You squeeze the wight!
The wight is severely damaged.
You constrict the wight.
The wight hits you with a +4 long sword of freezing!
* * * LOW HITPOINT WARNING * * *
You feel drained.
* * * LOW HITPOINT WARNING * * *
The wight freezes you.
* * * LOW HITPOINT WARNING * * *
A wight comes into view. It is wielding a +3 scimitar.
Okay, then.
Saving game... please wait.
Welcome back, H0rd4k the Octopode Artificer.
Gozag says: Greed is good.
Press ? for a list of commands and other information.
Saving game... please wait.
Welcome back, H0rd4k the Octopode Artificer.
Gozag says: Greed is good.
Press ? for a list of commands and other information.
You bludgeon the wight!
You destroy the wight!
Aiming: Polymorph
Press: ? - help, Shift-Dir - straight line, f - you
Okay, then.
Okay, then.
As you read the scroll labelled IMESIUPIQE, it crumbles to dust.
You hear a loud clanging noise!
It was a scroll of noise.
Something shouts, "Turn tail, thou feeble clay-brained scut!"
The wight barely misses you.
A wight comes into view. It is wielding a +0 trident.
As you read the scroll labelled EFRIEF OHAV, it crumbles to dust.
Your body is wracked with pain!
* * * LOW HITPOINT WARNING * * *
It was a scroll of torment.
The wight misses you.
The wight hits you from afar with a +0 trident.
You die...
Your body crumbles into a pile of gold.

#........#.........#
##########.........#
#.....##### #.....#
#.....# #.....#
##'#### #.####
#.@z.# ####z# #


You could see 2 wights.

Vanquished Creatures
  A gargoyle (Bailey)
  A vampire (Bailey)
  2 water moccasins
  An ice beast (D:8)
  A sky beast (D:6)
  An ogre (D:5)
  2 black bears
  A phantom (D:3)
  2 bullfrogs
  A necrophage (D:5)
  A wight (D:7)
  3 killer bees (D:8)
  6 vampire bats (Bailey)
  A howler monkey (D:8)
  5 wolf zombies (Bailey)
  2 jellies
  An orc priest (D:7)
  5 hounds
  Jessica (D:2)
  4 iguanas
  Natasha (thrice) (D:2)
  2 orc wizards
  12 gnolls
  3 adders
  14 orc zombies (Bailey)
  2 shadow imps
  2 white imps (D:5)
  3 ufetubi (D:5)
  A worm (D:3)
  9 orcs
  4 ball pythons
  4 bats
  6 endoplasms
  2 giant cockroaches
  8 goblins
  9 hobgoblins
  A jackal (D:1)
  3 quokkas
  A frilled lizard (D:3)
  2 jackal zombies (D:6)
  6 kobolds
  4 rats
143 creatures vanquished.

Vanquished Creatures (collateral kills)
  An orc wizard (D:6)
  2 gnolls
  2 adders
  An orc (D:3)
  A goblin (D:3)
  A jackal (D:1)
  A quokka (D:3)
  A rat (D:1)
10 creatures vanquished.

Vanquished Creatures (others)
  A centaur (D:6)
  An orc priest (D:6)
  A gnoll bouda (D:6)
  A gnoll (D:6)
  A jackal (D:1)
  2 plants (D:8)
  4 withered plants (D:3)
11 creatures vanquished.

Grand Total: 164 creatures vanquished

Notes
Turn   | Place    | Note
-------+----------+-------------------------------------------
     0 | D:1      | H0rd4k the Octopode Artificer began the quest for the Orb.
     0 | D:1      | Reached XP level 1. HP: 13/13 MP: 1/1
   186 | D:1      | Reached XP level 2. HP: 18/18 MP: 2/2
   626 | D:1      | Reached skill level 1 in Spellcasting
  1223 | D:2      | Noticed Jessica
  1231 | D:2      | Killed Jessica
  1232 | D:2      | Reached skill level 1 in Unarmed Combat
  1232 | D:2      | Reached XP level 3. HP: 8/25 MP: 3/5
  1576 | D:2      | Noticed Natasha
  1582 | D:2      | Killed Natasha
  1583 | D:2      | Reached XP level 4. HP: 12/30 MP: 6/6
  1646 | D:2      | Noticed Natasha
  1748 | D:2      | Killed Natasha
  1749 | D:2      | Reached skill level 2 in Unarmed Combat
  1850 | D:2      | Found a runed translucent door.
  1851 | D:2      | Noticed Crazy Yiuf
  1951 | D:2      | Reached XP level 5. HP: 33/36 MP: 8/8
  2048 | D:2      | Noticed Natasha
  2055 | D:2      | Killed Natasha
  2561 | D:3      | Found a faded altar of an unknown god.
  2567 | D:3      | Noticed a phantom
  2680 | D:3      | Killed a phantom
  2681 | D:3      | Reached skill level 3 in Unarmed Combat
  2681 | D:3      | Reached XP level 6. HP: 24/42 MP: 8/10
  2949 | D:3      | Found a runed translucent gate.
  2949 | D:3      | Found a runed translucent gate.
  2949 | D:3      | Found a runed translucent gate.
  2950 | D:3      | Noticed FaviusArthum's ghost (amateur DECj)
  2950 | D:3      | Noticed nikirochi's ghost (weakling OpBr)
  2951 | D:3      | Noticed MinkTDR's ghost (weakling DECj)
  3016 | D:3      | Found a snail-covered altar of Cheibriados.
  3657 | D:5      | Entered Level 5 of the Dungeon
  3759 | D:5      | Reached skill level 4 in Unarmed Combat
  4024 | D:5      | Noticed a water moccasin
  4029 | D:5      | Killed a water moccasin
  4030 | D:5      | Reached XP level 7. HP: 47/47 MP: 11/11
  4115 | D:5      | Noticed Edmund
  4228 | D:5      | Found an iron altar of Okawaru.
  4387 | D:5      | Reached skill level 5 in Unarmed Combat
  5086 | D:5      | Found a glowing silver altar of Zin.
  5227 | D:5      | Found a stormy altar of Qazlal.
  5414 | D:6      | Reached XP level 8. HP: 54/54 MP: 13/13
  5482 | D:6      | Reached skill level 6 in Unarmed Combat
  5526 | D:6      | Found a bloodstained altar of Trog.
  6067 | D:6      | Noticed Maggie
  6095 | D:6      | Found a staircase to the Ecumenical Temple.
  6105 | Temple   | Entered the Ecumenical Temple
  6405 | D:6      | Found a runed translucent door.
  6411 | D:6      | Found a basalt altar of Yredelemnul.
  6664 | D:7      | Reached skill level 5 in Fighting
  6848 | D:7      | Reached skill level 7 in Unarmed Combat
  7194 | D:8      | Found a sparkling altar of Nemelex Xobeh.
  7233 | D:8      | Found an opulent altar of Gozag.
  7247 | D:8      | Became a worshipper of Gozag Ym Sagoz the Greedy
  7333 | D:8      | Found a sacrificial altar of Ru.
  7456 | D:8      | Found a flagged portal.
  7464 | Bailey   | Entered a bailey
  7874 | Bailey   | Reached skill level 8 in Unarmed Combat
  7874 | Bailey   | Reached XP level 9. HP: 61/61 MP: 15/15
  8357 | Bailey   | Noticed a gargoyle
  8369 | Bailey   | Killed a gargoyle
  8434 | Bailey   | Reached skill level 9 in Unarmed Combat
  8434 | Bailey   | Reached skill level 5 in Spellcasting
  8564 | Bailey   | Identified the +2 leather armour of Dotrimubb {Fly rC++
                  | Int+4}
  8565 | Bailey   | Identified the +1 robe of the New World {Contam Rampage
                  | rCorr MP-9}
  9938 | D:8      | Found a staircase to the Lair.
  9939 | D:8      | Noticed a komodo dragon
  9985 | D:7      | Learned a level 2 spell: Blink
  9988 | D:7      | Learned a level 2 spell: Call Imp
 10192 | D:7      | Slain by a wight

Illustrated notes

Levels and vault maps discovered:
D:1:      minmay_arrival_checkered_box, layout_basic
D:2:      layout_basic, uniq_crazy_yiuf_cottage, uniq_jessica, uniq_natasha
D:3:      layout_basic, mainiacjoe_overflow_six_doors_small,
          ebering_ecumenical_altar_ruins, gammafunk_ghost_cemetery,
          minmay_circle_x
D:4:      layout_rooms
D:5:      layout_basic, kennysheep_okawaru_gauntlet, kennysheep_mini_moat,
          nicolae_qazlal_eye_of_the_storm, uniq_edmund
D:6:      layout_loops_corners, nicolae_overflow_hidden_temple,
          elyvilon_altar_1, dk_yredelemnul_ordeal, temple_fountains,
          grunt_decor_mini_mirrors, uniq_maggie
D:7:      layout_basic
D:8:      layout_gridville, nicolae_ru_awakened_eye,
          mainiacjoe_overflow_surrounded_room, mainiacjoe_overflow_alcove_4,
          david_lair_shrubbed, enter_bailey_2
Temple:   dpeg_chambers_temple

Skill      XL: |  1  2  3  4  5  6  7  8  9 |
---------------+----------------------------+-----
Spellcasting   | 1 2 3 4 5 |  5.3
Fighting       | 2 3 4 5 6 |  6.5
Unarmed Combat | 1 2 3 4 5 8 9 |  9.6
Dodging        | |  2.3
Stealth        | |  1.3
Summonings     | |  0.5
Translocations | |  0.5
Evocations     | |  3.2

Action                   |  1- 3 |  4- 6 |  7- 9 || total
-------------------------+-------+-------+-------++-------
Melee: Unarmed           |    70 |   100 |   241 ||   411
       Constrict         |    21 |    23 |    57 ||   101
       Tentacles         |    14 |    20 |    60 ||    94
       Punch             |     1 |     1 |    15 ||    17
Evoke: Wand              |     4 |    22 |     9 ||    35
  Use: Potion            |       |       |    14 ||    14
       Scroll            |       |       |     2 ||     2
 Stab: Sleeping          |     7 |     6 |     8 ||    21
       Distracted        |       |     2 |       ||     2
Armor: Skin              |     1 |     7 |    22 ||    30
Dodge: Dodged            |    54 |    62 |   139 ||   255
